Map: [ESL] Babylon

Players

ShoWTimE

  • Race: Protoss Protoss

Astrea - Winner!

  • Race: Protoss Protoss
  • League: Diamond

Event: IEM Katowice 2023

VOD

Have the link to the VOD?

Description

Time

  • Played on: Feb. 11, 2023, 6:24 a.m.
  • Length: 9:55

All games in this series

Show
View Real Time Build Order
Export as new Build Order

ShoWTimE Protoss 

Build Orders: Phoenix Opening, Mass Phoenix 

Get SALT Encoding   

  12  0:00  Probe  
  13  0:12  Probe  
  14  0:18  Pylon  
  14  0:24  Probe (Chrono Boost)  
  15  0:37  Probe (Chrono Boost)  
  15  0:38  Gateway  
  16  0:45  Probe (Chrono Boost)  
  16  0:47  Assimilator  
  17  0:51  Probe  
  18  1:03  Probe (Chrono Boost)  
  19  1:13  Pylon  
  19  1:15  Assimilator, Probe (Chrono Boost)  
  20  1:23  Probe (Chrono Boost)  
  21  1:26  Cybernetics Core  
  21  1:29  Probe  
  24  1:41  Probe  
  24  1:42  Pylon  
  24  1:46  Zealot  
  25  1:54  Probe  
  26  2:02  Stargate  
  26  2:06  Probe  
  28  2:28  Nexus  
  28  2:29  Probe  
  28  2:36  Pylon  
  28  2:41  Probe  
  29  2:47  Phoenix (Chrono Boost)  
  30  2:53  Probe  
  31  3:03  Phoenix (Chrono Boost)  
  31  3:05  Probe  
  34  3:13  Assimilator  
  34  3:17  Probe  
  33  3:23  Phoenix (Chrono Boost)  
  35  3:27  Stargate  
  35  3:29  Probe  
  34  3:42  Phoenix  
  34  3:45  Probe x2 (Chrono Boost)  
  38  3:55  Probe (Chrono Boost)  
  40  3:57  Probe (Chrono Boost)  
  40  3:59  Probe (Chrono Boost)  
  41  4:02  Assimilator  
  41  4:06  Probe  
  41  4:07  Phoenix  
  44  4:11  Probe  
  41  4:23  Probe  
  41  4:24  Phoenix  
  44  4:29  Probe  
  45  4:35  Probe  
  46  4:39  Phoenix  
  46  4:42  Pylon, Probe  
  49  4:47  Probe  
  49  4:51  Phoenix  
  52  4:56  Probe  
  52  4:58  Warp Gate  
  52  4:59  Probe  
  53  5:07  Pylon  
  53  5:09  Probe  
  53  5:11  Probe, Robotics Facility  
  55  5:17  Shield Battery  
  55  5:21  Probe  
  56  5:22  Assimilator  
  56  5:27  Probe  
  59  5:29  Phoenix (Chrono Boost)  
  59  5:33  Pylon  
  59  5:41  Void Ray (Chrono Boost)  
  59  5:42  Shield Battery  
  63  5:43  Probe  
  63  5:49  Pylon  
  69  6:00  Pylon  
  69  6:03  Void Ray  
  68  6:06  Immortal (Chrono Boost)  
  68  6:11  Probe x2  
  72  6:22  Gateway  
  72  6:23  Probe x2  
  78  6:33  Void Ray  
  78  6:35  Probe x2  
  80  6:41  Pylon, Immortal (Chrono Boost)  
  84  6:48  Probe  
  84  6:49  Probe  
  86  6:58  Pylon  
  86  6:59  Pylon  
  86  7:06  Nexus  
  86  7:08  Probe  
  86  7:09  Probe  
  88  7:16  Observer  
  88  7:21  Shield Battery  
  93  7:25  Probe x2  
  93  7:27  Void Ray (Chrono Boost)  
  99  7:35  Void Ray (Chrono Boost)  
  99  7:38  Probe, Robotics Bay  
  99  7:39  Probe  
  99  7:41  Observer  
  99  7:43  Shield Battery  
  102  7:47  Forge, Protoss Air Weapons Level 1  
  102  7:50  Probe  
  104  7:51  Probe  
  108  8:06  Probe x2, Void Ray  
  108  8:12  Assimilator  
  110  8:13  Assimilator  
  110  8:18  Probe  
  115  8:23  Void Ray, Disruptor (Chrono Boost)  
  119  8:31  Photon Cannon  
  119  8:32  Pylon  
  118  8:38  Pylon, Photon Cannon  
  118  8:40  Sentry  
  118  8:41  Pylon, Sentry  
  120  8:42  Probe  
  120  8:43  Probe  
  123  8:50  Disruptor (Chrono Boost)  
  123  8:52  Photon Cannon  
  126  8:57  Photon Cannon  
  126  9:09  Photon Cannon, Void Ray  
  130  9:13  Zealot x2  
  138  9:35  Zealot x2  
Show
View Real Time Build Order
Export as new Build Order

Astrea Protoss - Winner!

Build Orders: Oracle Opening, Phoenix Opening 

Get SALT Encoding   

  12  0:00  Probe  
  13  0:12  Probe  
  14  0:18  Pylon  
  14  0:24  Probe (Chrono Boost)  
  15  0:37  Gateway, Probe (Chrono Boost)  
  16  0:44  Probe (Chrono Boost)  
  16  0:47  Assimilator  
  17  0:51  Probe  
  18  1:03  Probe (Chrono Boost)  
  19  1:15  Assimilator, Probe (Chrono Boost)  
  19  1:16  Pylon  
  20  1:22  Probe (Chrono Boost)  
  20  1:25  Cybernetics Core  
  21  1:29  Probe  
  22  1:34  Zealot  
  24  1:41  Probe  
  25  1:53  Probe  
  26  2:01  Stargate  
  26  2:16  Nexus  
  26  2:20  Probe  
  27  2:23  Warp Gate  
  27  2:31  Pylon  
  27  2:32  Probe  
  28  2:43  Phoenix (Chrono Boost)  
  28  2:50  Shield Battery  
  30  2:52  Probe  
  30  2:59  Phoenix (Chrono Boost)  
  30  3:05  Probe  
  33  3:17  Probe  
  32  3:21  Oracle (Chrono Boost)  
  35  3:28  Probe  
  35  3:29  Probe  
  37  3:36  Twilight Council  
  37  3:40  Gateway, Probe  
  37  3:41  Probe  
  37  3:52  Probe  
  37  3:53  Gateway  
  37  3:54  Probe  
  39  3:58  Shield Battery  
  39  4:04  Probe  
  39  4:06  Probe  
  41  4:13  Blink (Chrono Boost)  
  41  4:16  Probe  
  42  4:18  Probe  
  43  4:28  Probe  
  43  4:29  Nexus  
  44  4:35  Probe, Stalker  
  45  4:40  Probe  
  45  4:42  Stalker  
  48  4:49  Pylon, Probe  
  50  4:52  Probe  
  50  4:53  Stalker  
  50  4:58  Pylon  
  52  5:01  Probe  
  52  5:04  Probe  
  54  5:07  Stalker x2  
  54  5:11  Pylon  
  54  5:13  Probe  
  58  5:17  Probe  
  58  5:18  Assimilator  
  59  5:25  Probe  
  60  5:29  Probe  
  60  5:31  Stalker x2  
  60  5:35  Stalker  
  60  5:37  Probe  
  60  5:41  Probe (Chrono Boost)  
  64  5:45  Probe (Chrono Boost)  
  66  5:50  Robotics Facility  
  66  5:53  Probe (Chrono Boost)  
  66  5:54  Probe (Chrono Boost)  
  68  5:57  Probe (Chrono Boost)  
  68  5:58  Stalker  
  68  6:00  Stalker  
  68  6:03  Stalker  
  68  6:04  Probe (Chrono Boost)  
  76  6:05  Probe (Chrono Boost)  
  76  6:06  Pylon  
  76  6:14  Probe  
  77  6:21  Pylon x2  
  77  6:27  Forge  
  77  6:31  Charge  
  77  6:39  Probe x3, Observer  
  81  6:40  Gateway  
  81  6:43  Gateway  
  81  6:45  Gateway  
  81  6:51  Probe x2  
  81  6:52  Gateway x2  
  81  6:53  Protoss Ground Weapons Level 1 (Chrono Boost)  
  83  6:55  Probe  
  83  6:57  Pylon  
  83  6:58  Assimilator  
  84  7:02  Photon Cannon  
  84  7:03  Probe x2  
  84  7:06  Observer  
  84  7:08  Probe  
  88  7:12  Pylon  
  88  7:16  Pylon  
  88  7:17  Probe  
  88  7:20  Nexus  
  89  7:23  Zealot  
  89  7:24  Pylon  
  89  7:29  Pylon  
  91  7:32  Templar Archives  
  91  7:34  Warp Prism  
  92  7:44  Zealot x4  
  92  7:47  Observer  
  92  7:48  Zealot x2  
  92  7:50  Pylon  
  104  7:54  Zealot  
  104  7:55  Zealot  
  104  7:57  Pylon  
  108  8:06  Zealot x4  
  116  8:20  Observer  
  116  8:23  High Templar x4  
  116  8:26  Archon  
  116  8:27  Archon  
  124  8:30  Zealot x4  
  124  8:33  Pylon  
  132  8:34  Pylon  
  132  8:37  Pylon  
  132  8:51  High Templar  
  132  8:52  High Templar, Zealot x2  
  132  8:55  Zealot x4  
  148  8:57  Archon  
  148  9:14  Probe x4  
  148  9:16  Zealot x6  
  164  9:24  Pylon  
  164  9:26  Pylon  
  164  9:28  Probe  
  157  9:35  Probe, Stalker x2  
  157  9:36  Stalker x2  
  157  9:37  Stalker x4  
  144  9:40  Probe x2  
  144  9:41  Probe  
  121  9:54  Nexus  

Tags
 
Add a new tag
Caveats
  • Supply blocks, unpowered buildings, or Contaminate may cause inaccurate times.
  • Supply counts are checked every 10 seconds.